[Event "Titled Tuesday Blitz August 1 Early 2023"]
[White "Mikhalsky, Vladimir"]
[Black "Vila Dupla, Aurelio"]
[WhiteFideId "14144352"]
[BlackFideId "2203383"]
[WhiteElo "2381"]
[BlackElo "2141"]
[Result "1-0"]
[Round "5"]
[TimeControl "180+1"]
[Date "2023.08.01"]
[WhiteClock "0:00:41"]
[BlackClock "0:00:13"]
[Board "214"]

1. d4 Nf6 2. c4 g6 3. f3 d5 4. cxd5 Nxd5 5. e4 Nb6 6. Be3 Bg7 7. Nc3 O-O 8. Qd2 Nc6 9. Nge2 Qd6 10. Nb5 Qd7 11. Nec3 a6 12. d5 axb5 13. Bxb5 Qd6 14. dxc6 bxc6 15. Qxd6 exd6 16. Bxc6 Rb8 17. Bb5 Bd7 18. Bxd7 Nxd7 19. O-O-O Rb7 20. Bd4 Bh6+ 21. Kc2 Rfb8 22. b3 c5 23. Bf2 c4 24. Rb1 cxb3+ 25. Rxb3 Rxb3 26. axb3 Bg7 27. Nd5 Ra8 28. Nb4 d5 29. Rd1 Bf8 30. Be1 Nb6 31. Nxd5 Nxd5 32. exd5 Ra2+ 33. Kb1 Rxg2 34. d6 Rg1 35. d7 1-0


[Site "https://www.chess.com"]

[Event "Titled Tuesday Blitz August 1 Early 2023"]
[White "Eggleston, Thomas A"]
[Black "Larina, Maria"]
[WhiteFideId "412139"]
[BlackFideId "24113182"]
[WhiteElo "2378"]
[BlackElo "2130"]
[Result "1-0"]
[Round "5"]
[TimeControl "180+1"]
[Date "2023.08.01"]
[WhiteClock "0:00:48"]
[BlackClock "0:00:40"]
[Board "215"]

1. e4 c6 2. Nc3 d5 3. Nf3 Bg4 4. Be2 dxe4 5. Nxe4 Nd7 6. Ng3 Ndf6 7. h3 Bxf3 8. Bxf3 e6 9. d4 Bd6 10. O-O Qc7 11. c4 Bxg3 12. fxg3 Qxg3 13. d5 Qc7 14. dxe6 fxe6 15. Qe2 e5 16. Bf4 Ne7 17. Bxe5 Qb6+ 18. Kh1 Kf7 19. Bxf6 gxf6 20. Rae1 Rae8 21. Qe6+ Kg7 22. Bh5 c5 23. Qf7+ Kh6 24. Rxf6+ Kg5 25. Rxb6 axb6 26. Rxe7 Ref8 27. Qd5+ 1-0


[Site "https://www.chess.com"]

[Event "Titled Tuesday Blitz August 1 Early 2023"]
[White "Rodriguez Santiago, Jaime"]
[Black "Levine, David"]
[WhiteFideId "3100898"]
[BlackFideId "2011611"]
[WhiteElo "2367"]
[BlackElo "2107"]
[Result "1/2-1/2"]
[Round "5"]
[TimeControl "180+1"]
[Date "2023.08.01"]
[WhiteClock "0:00:37"]
[BlackClock "0:00:15"]
[Board "216"]

1. c4 e6 2. Nf3 Nf6 3. g3 d5 4. Bg2 Be7 5. O-O O-O 6. b3 c5 7. Bb2 Nc6 8. e3 b6 9. Qe2 Ba6 10. d3 Rc8 11. Nc3 Qc7 12. Rad1 Rfd8 13. Ne1 h6 14. f4 d4 15. Ne4 dxe3 16. Nxf6+ Bxf6 17. Bxf6 gxf6 18. f5 e5 19. Qxe3 Kg7 20. Qf3 Nd4 21. Qg4+ Kf8 22. Qh4 Ke7 23. Nf3 Bb7 24. Nxd4 Rxd4 25. Qxh6 Bxg2 26. Kxg2 Qc6+ 27. Kg1 Rcd8 28. Qe3 Qd7 29. Rfe1 Qxf5 30. Kg2 Kf8 31. Rf1 Qg5 32. Qf3 R8d6 33. Rfe1 Qg6 34. Re3 Kg7 35. Rde1 Rxd3 36. Rxd3 Qxd3 37. Qg4+ Qg6 38. Qe2 Qd3 39. Qg4+ Qg6 40. Qe2 Qd3 41. Qg4+ 1/2-1/2


[Site "https://www.chess.com"]

[Event "Titled Tuesday Blitz August 1 Early 2023"]
[White "Gopal, K.N."]
[Black "Luong Phuong Hanh"]
[WhiteFideId "5001447"]
[BlackFideId "12401013"]
[WhiteElo "2053"]
[BlackElo "2364"]
[Result "0-1"]
[Round "5"]
[TimeControl "180+1"]
[Date "2023.08.01"]
[WhiteClock "0:00:15"]
[BlackClock "0:01:13"]
[Board "217"]

1. c4 Nf6 2. g3 c6 3. Bg2 d5 4. Nf3 g6 5. b3 Bg7 6. Bb2 O-O 7. O-O Nbd7 8. d3 Re8 9. Nbd2 e5 10. cxd5 cxd5 11. e4 d4 12. Rc1 b6 13. Nc4 Ba6 14. Ba3 Bxc4 15. bxc4 Rc8 16. Qa4 Qc7 17. Rc2 Bf8 18. Bh3 Bxa3 19. Qxa3 Rcd8 20. Bxd7 Nxd7 21. Kg2 Nc5 22. Nh4 Rf8 23. f4 exf4 24. Rxf4 Qb7 25. Rcf2 f5 26. Kg1 g5 27. Rxf5 gxh4 28. Rg5+ Kh8 29. Rxf8+ Rxf8 30. Qb2 Ne6 31. Re5 Qf7 32. Qe2 hxg3 33. hxg3 Rg8 34. Kg2 Nf4+ 0-1


[Site "https://www.chess.com"]

[Event "Titled Tuesday Blitz August 1 Early 2023"]
[White "Preobrazhenska_D2011"]
[Black "Akylbek2021"]
[WhiteElo "2048"]
[BlackElo "2359"]
[Result "1-0"]
[Round "5"]
[TimeControl "180+1"]
[Date "2023.08.01"]
[WhiteClock "0:00:18"]
[BlackClock "0:00:00"]
[Board "218"]

1. e4 e6 2. d4 d5 3. Nc3 Bb4 4. e5 c5 5. a3 Bxc3+ 6. bxc3 Ne7 7. Qg4 Qc7 8. Bd2 g6 9. Bd3 Nbc6 10. Be3 Nf5 11. Bxf5 exf5 12. Qd1 Be6 13. f4 cxd4 14. cxd4 Qa5+ 15. Bd2 Qa4 16. Be3 Na5 17. Nf3 Rc8 18. Ra2 Qc4 19. Qb1 b5 20. Nd2 Qc3 21. Qxb5+ Bd7 22. Qe2 O-O 23. O-O a6 24. Rb1 Bb5 25. Qf2 Bc4 26. Nxc4 Nxc4 27. Rb3 Qa5 28. Bc1 Rc7 29. h4 h5 30. Kh2 Rfc8 31. Qe2 Nb6 32. Bd2 Qa4 33. Rxb6 Qxd4 34. Rb4 Qa7 35. Be3 Qa8 36. Rab2 a5 37. Rb6 1-0


[Site "https://www.chess.com"]

[Event "Titled Tuesday Blitz August 1 Early 2023"]
[White "Slayyy_200"]
[Black "Shapiro, Daniel"]
[BlackFideId "2001780"]
[WhiteElo "2046"]
[BlackElo "2357"]
[Result "0-1"]
[Round "5"]
[TimeControl "180+1"]
[Date "2023.08.01"]
[WhiteClock "0:00:05"]
[BlackClock "0:00:05"]
[Board "219"]

1. e4 c5 2. Nf3 e6 3. d4 cxd4 4. Nxd4 a6 5. c4 Nf6 6. Nc3 Bb4 7. Bg5 d6 8. Qa4+ Nc6 9. Nxc6 Bxc3+ 10. bxc3 Qd7 11. Rd1 Nxe4 12. Qc2 Nxg5 13. h4 Nf3+ 14. gxf3 Qxc6 15. Rg1 g6 16. Qe4 Qxe4+ 17. fxe4 Ke7 18. Bg2 Rb8 19. Ke2 Bd7 20. Rd2 Rhc8 21. Rgd1 Rxc4 22. Rxd6 Bb5 23. Ke1 Rxc3 24. Bf1 Be8 25. R1d2 Rc1+ 26. Ke2 Bb5+ 27. Ke3 Rxf1 28. f4 Re1+ 29. Kf3 Rc8 30. Kf2 Rcc1 31. Kg3 Rg1+ 32. Kf3 Rcf1+ 33. Ke3 Rg3+ 34. Kd4 Kxd6 35. e5+ Ke7 36. Ke4 Bc6+ 37. Kd4 Rxf4+ 38. Kc5 Rc3+ 39. Kb6 Rb4+ 40. Kc7 Bd5+ 41. Kb8 Re4 42. Rb2 Rxe5 43. Rb6 Rh5 44. a4 Rxh4 45. a5 Ra4 46. Rb2 Rxa5 47. Rb6 Rb5 48. Rxb7+ Rxb7+ 49. Ka8 Rc8# 0-1


[Site "https://www.chess.com"]

[Event "Titled Tuesday Blitz August 1 Early 2023"]
[White "Osiecki, Stanislaw"]
[Black "Bashirli, Saadat"]
[WhiteFideId "1102990"]
[BlackFideId "13429990"]
[WhiteElo "2020"]
[BlackElo "2346"]
[Result "0-1"]
[Round "5"]
[TimeControl "180+1"]
[Date "2023.08.01"]
[WhiteClock "0:00:00"]
[BlackClock "0:00:10"]
[Board "220"]

1. e4 e5 2. Nf3 Nc6 3. Bb5 Bc5 4. c3 d6 5. O-O Nf6 6. d4 exd4 7. cxd4 Bb4 8. d5 a6 9. Ba4 b5 10. dxc6 bxa4 11. Qxa4 Bc5 12. Bg5 O-O 13. Nc3 Bg4 14. Nd5 Re8 15. Bxf6 gxf6 16. e5 Bxf3 17. Nxf6+ Kf8 18. gxf3 Re6 19. Qh4 Rxe5 20. Nd7+ Ke8 21. Qxd8+ Rxd8 22. Nxe5 dxe5 23. Rfe1 f6 24. f4 Bd4 25. fxe5 fxe5 26. Re2 Ke7 27. Kf1 Kf6 28. Rc1 Rb8 29. b3 Rb5 30. f3 a5 31. Kg2 Rb4 32. Rb1 Rb6 33. Re4 Rxc6 34. Rh4 Rc2+ 35. Kh3 Kg6 36. a4 Re2 37. Rg4+ Kf6 38. Rg2 Re3 39. Kg3 c5 40. Rc2 e4 41. Rf1 Rd3 42. Kg2 e3 43. Re2 Rxb3 44. f4 Ra3 45. Kf3 Rxa4 0-1


[Site "https://www.chess.com"]

[Event "Titled Tuesday Blitz August 1 Early 2023"]
[White "Lohani, Sujana"]
[Black "AndresDelgado77"]
[WhiteFideId "12311987"]
[WhiteElo "1946"]
[BlackElo "2342"]
[Result "1-0"]
[Round "5"]
[TimeControl "180+1"]
[Date "2023.08.01"]
[WhiteClock "0:00:04"]
[BlackClock "0:00:00"]
[Board "221"]

1. d4 Nf6 2. Nf3 c5 3. d5 e6 4. c4 b5 5. dxe6 fxe6 6. e3 bxc4 7. Bxc4 d5 8. Bb5+ Bd7 9. Qa4 Qb6 10. Bxd7+ Nbxd7 11. O-O Bd6 12. Nc3 O-O 13. Nb5 Bb8 14. b3 Ne4 15. Bb2 a6 16. Nc3 Qc7 17. Nxe4 dxe4 18. Qxe4 Ra7 19. g3 e5 20. Rad1 Kh8 21. Ng5 Nf6 22. Qc4 Qe7 23. Ne6 Rc8 24. Ng5 h6 25. Ne4 Nh7 26. Rd5 Rac7 27. Rfd1 Rc6 28. Rd7 Qf8 29. Qd5 Rg6 30. Bxe5 Bxe5 31. Qxe5 Re8 32. Qd5 Qf3 33. Nd6 Rf8 34. Rf7 Rxf7 35. Nxf7+ Kg8 36. Nxh6+ Kh8 37. Nf7+ Kg8 38. Ng5+ Qxd5 39. Rxd5 Nxg5 40. Rd8+ Kh7 41. Rd5 Nf3+ 42. Kg2 Ne1+ 43. Kf1 1-0


[Site "https://www.chess.com"]

[Event "Titled Tuesday Blitz August 1 Early 2023"]
[White "Mishra, Manoj"]
[Black "Amanov, Zhanibek"]
[WhiteFideId "5006007"]
[BlackFideId "13700189"]
[WhiteElo "2229"]
[BlackElo "2372"]
[Result "0-1"]
[Round "5"]
[TimeControl "180+1"]
[Date "2023.08.01"]
[WhiteClock "0:00:24"]
[BlackClock "0:00:19"]
[Board "222"]

1. d4 d5 2. c4 c6 3. Nc3 Nf6 4. Nf3 dxc4 5. a4 Bf5 6. g3 e6 7. Bg2 Nbd7 8. O-O Be7 9. Re1 Ne4 10. h3 O-O 11. g4 Bg6 12. Bf4 f5 13. e3 fxg4 14. hxg4 Bb4 15. Qc1 Qa5 16. Nxe4 Bxe1 17. Nxe1 e5 18. Qxc4+ Kh8 19. b4 Qd5 20. Qxd5 cxd5 21. dxe5 Bxe4 22. Bxe4 dxe4 23. e6 Nf6 24. g5 Nd5 25. Nc2 Nxf4 26. exf4 Rxf4 27. Nd4 Rg4+ 28. Kf1 Rxg5 29. Rc1 Rd5 30. Nb5 Re5 31. Ke2 h6 32. Rc3 Rd8 33. Rc7 a6 34. Nd4 Rxd4 35. e7 Rxb4 36. Rc8+ Kh7 37. e8=Q Rxe8 38. Rxe8 Rxa4 39. Re7 b5 40. Ke3 b4 41. Rxe4 a5 42. Kd4 Ra2 43. Kc4 Rxf2 44. Kb3 Rf3+ 45. Ka4 Ra3+ 46. Kb5 b3 47. Kc4 b2 48. Re1 Ra1 49. Rb1 Rxb1 50. Kc3 a4 51. Kc2 a3 52. Kxb1 g5 53. Ka2 g4 54. Kb1 h5 55. Ka2 h4 56. Kxa3 b1=Q 57. Ka4 Qb2 58. Ka5 Qb3 59. Ka6 Qb4 60. Ka7 Qb5 61. Ka8 Kg7 62. Ka7 Kf7 63. Ka8 Ke7 64. Ka7 Kd7 65. Ka8 Kc7 66. Ka7 Qb7# 0-1


[Site "https://www.chess.com"]

[Event "Titled Tuesday Blitz August 1 Early 2023"]
[White "Acikel, Mert"]
[Black "rikchessmx"]
[WhiteFideId "12956465"]
[WhiteElo "2315"]
[BlackElo "2228"]
[Result "1-0"]
[Round "5"]
[TimeControl "180+1"]
[Date "2023.08.01"]
[WhiteClock "0:00:51"]
[BlackClock "0:00:29"]
[Board "223"]

1. e4 c5 2. Nf3 e6 3. c4 b6 4. d4 cxd4 5. Nxd4 Bb7 6. Nc3 Qc7 7. Bd3 a6 8. O-O Nf6 9. Qe2 h5 10. h3 Nc6 11. Nxc6 Qxc6 12. Bf4 Bc5 13. Rac1 Kf8 14. Rfd1 Kg8 15. a3 Rd8 16. b4 Bd4 17. b5 Qc5 18. e5 Ne8 19. a4 Qb4 20. Ne4 axb5 21. cxb5 Qxa4 22. Rc4 Bxf2+ 23. Nxf2 Qb3 24. Be4 Ba8 25. Rcd4 d5 26. exd6 f6 27. Bxa8 e5 28. Bd5+ 1-0


[Site "https://www.chess.com"]

[Event "Titled Tuesday Blitz August 1 Early 2023"]
[White "hsd2016"]
[Black "Hrbek, Stepan"]
[BlackFideId "393479"]
[WhiteElo "2222"]
[BlackElo "2308"]
[Result "1/2-1/2"]
[Round "5"]
[TimeControl "180+1"]
[Date "2023.08.01"]
[WhiteClock "0:00:34"]
[BlackClock "0:00:06"]
[Board "224"]

1. e4 e5 2. Nf3 Nc6 3. Bb5 a6 4. Ba4 Nf6 5. O-O Be7 6. Bxc6 dxc6 7. d3 Nd7 8. Nbd2 O-O 9. Nc4 f6 10. Qe2 Nc5 11. h3 Ne6 12. Be3 c5 13. a4 a5 14. c3 b6 15. Rfd1 Bb7 16. Nh4 g6 17. Qg4 Qc8 18. Nf5 Bd8 19. Nxb6 cxb6 20. Nd6 Qd7 21. Nxb7 f5 22. exf5 Rxf5 23. Qe4 Rb8 24. Nxd8 Rxd8 25. g4 Rf7 26. Qxe5 Rdf8 27. d4 Nf4 28. Bxf4 Rxf4 29. dxc5 Qf7 30. Qd5 Qxd5 31. Rxd5 Rxf2 32. c6 R2f6 33. c7 R6f7 34. Rb5 Rxc7 35. Rxb6 Rcf7 36. Re1 Rf2 37. Rb7 Rc2 38. Ree7 Rff2 39. Rg7+ Kf8 40. Rxh7 Kg8 41. Rhg7+ Kf8 42. Rgd7 Rg2+ 43. Kf1 Ke8 44. Rdc7 Rgf2+ 45. Ke1 Rfe2+ 46. Kd1 Red2+ 47. Ke1 Re2+ 48. Kf1 Rf2+ 49. Kg1 Rg2+ 50. Kf1 Rgf2+ 1/2-1/2


[Site "https://www.chess.com"]

[Event "Titled Tuesday Blitz August 1 Early 2023"]
[White "Barwinska, Ewa"]
[Black "UgarteCesar"]
[WhiteFideId "21833761"]
[WhiteElo "2277"]
[BlackElo "2201"]
[Result "1-0"]
[Round "5"]
[TimeControl "180+1"]
[Date "2023.08.01"]
[WhiteClock "0:00:10"]
[BlackClock "0:00:07"]
[Board "225"]

1. e4 c5 2. b3 Nc6 3. Bb2 e5 4. Nc3 Nge7 5. Nd5 g6 6. f4 Bg7 7. Nf3 d6 8. Bb5 O-O 9. Nxe7+ Qxe7 10. Bxc6 bxc6 11. fxe5 dxe5 12. O-O c4 13. bxc4 Ba6 14. d3 Rab8 15. Qc1 h6 16. Ba3 c5 17. Qe3 Rfc8 18. Rab1 Rb6 19. Rb3 Bf8 20. Bb2 Bg7 21. Bc3 Rcb8 22. Rfb1 Bc8 23. h3 g5 24. Ba5 Rxb3 25. Rxb3 Rb7 26. Bc3 g4 27. Rxb7 Qxb7 28. hxg4 Qb1+ 29. Kh2 Bxg4 30. Bxe5 Bxf3 31. Bxg7 Bxg2 32. Bxh6 Qh1+ 33. Kg3 Qh3+ 34. Kf2 Qh4+ 35. Qg3+ Qxg3+ 36. Kxg3 Bf1 37. Be3 Be2 38. Bxc5 a6 39. Kf4 Bd1 40. c3 Bc2 41. Ke3 Bb1 42. a3 Kg7 43. d4 Kf6 44. Bd6 Ke6 45. Bf4 Kd7 46. e5 Ba2 47. Kd3 Bb1+ 48. Kd2 Ba2 49. Kd3 Bb1+ 50. Ke3 Ba2 51. c5 Bd5 52. Kd3 Be6 53. c4 Bf5+ 54. Kc3 Kc6 55. Kb4 Bd3 56. d5+ Kb7 57. c6+ Kc8 58. Kc5 Be4 59. d6 Bd3 60. Bg5 Kb8 61. d7 Ka7 62. d8=Q 1-0


[Site "https://www.chess.com"]

[Event "Titled Tuesday Blitz August 1 Early 2023"]
[White "Mikhaylova, Irina"]
[Black "sterpfi"]
[WhiteFideId "4109040"]
[WhiteElo "2246"]
[BlackElo "2159"]
[Result "0-1"]
[Round "5"]
[TimeControl "180+1"]
[Date "2023.08.01"]
[WhiteClock "0:00:22"]
[BlackClock "0:00:19"]
[Board "226"]

1. Nf3 d5 2. c4 e6 3. g3 Nf6 4. Bg2 c5 5. cxd5 exd5 6. d4 Nc6 7. O-O Be7 8. Nc3 O-O 9. Bf4 Be6 10. Rc1 Rc8 11. dxc5 Bxc5 12. Bg5 Be7 13. Nd4 h6 14. Be3 Ne5 15. Nxe6 fxe6 16. Bxa7 Nc4 17. b3 Ne5 18. Bd4 Nc6 19. Nb5 Qa5 20. a4 Qb4 21. Bc3 Qg4 22. e3 Qg6 23. Qc2 Qh5 24. Qd1 Qg6 25. Qc2 Qh5 26. Qd1 Qg5 27. Nd4 Nxd4 28. Bxd4 Ne4 29. f4 Qf5 30. Qd3 Nxg3 31. Qxf5 Nxf5 32. Bb6 Rc6 33. e4 Rxb6 34. exf5 Rxf5 35. Bh3 Rf6 36. Rce1 Bc5+ 37. Kg2 Rxb3 38. Rxe6 Rb2+ 39. Kf3 Rb3+ 40. Kg2 Rb2+ 41. Kf3 Rxe6 42. Bxe6+ Kf8 43. Bxd5 Rxh2 44. Ke4 Bd6 45. f5 Rh4+ 46. Kd3 Rxa4 47. Be6 b5 48. Rb1 b4 49. Kc4 Ra3 50. Kd5 Be7 51. Kc6 Rc3+ 52. Kd7 Rd3+ 53. Kc6 Rd6+ 54. Kb5 Rd4 55. Kc6 h5 56. Ra1 h4 57. Ra8+ Rd8 58. Ra1 h3 59. Rh1 Rd3 60. f6 Bxf6 61. Rxh3 Rxh3 62. Bxh3 b3 63. Bf5 b2 64. Kd5 g5 65. Bb1 Kg7 66. Ke4 Be7 67. Kf3 Kf6 68. Kg4 Ke5 69. Kf3 Kd4 70. Ke2 Kc3 71. Kd1 g4 72. Be4 g3 73. Bb1 g2 74. Ke2 g1=Q 0-1


[Site "https://www.chess.com"]

[Event "Titled Tuesday Blitz August 1 Early 2023"]
[White "Floresvillar Gonzalez, Luis Migu"]
[Black "Tuleyeva-Aketayeva, Dana"]
[WhiteFideId "5100542"]
[BlackFideId "13701932"]
[WhiteElo "2115"]
[BlackElo "2238"]
[Result "1-0"]
[Round "5"]
[TimeControl "180+1"]
[Date "2023.08.01"]
[WhiteClock "0:00:21"]
[BlackClock "0:00:00"]
[Board "227"]

1. d4 Nf6 2. c3 e6 3. Bg5 Be7 4. Nd2 d5 5. e3 O-O 6. f4 c5 7. Bd3 a6 8. Bxf6 Bxf6 9. Qh5 g6 10. Qe2 b5 11. Ngf3 c4 12. Bc2 Nc6 13. Ne5 Qb6 14. O-O b4 15. Rab1 a5 16. g4 Bg7 17. g5 a4 18. a3 Nxe5 19. fxe5 bxa3 20. bxa3 Qd8 21. h4 Qe7 22. Rb4 Bd7 23. Rfb1 Bc6 24. Qg4 Rfc8 25. Nf3 Bf8 26. h5 Qd8 27. Nh4 Bxb4 28. Rxb4 Rcb8 29. hxg6 hxg6 30. Nxg6 Rxb4 31. cxb4 c3 32. Nf4 Kf8 33. g6 Qe7 34. g7+ Kg8 35. Nh5 f5 36. exf6 Qf7 37. Qg5 e5 38. dxe5 1-0


[Site "https://www.chess.com"]

[Event "Titled Tuesday Blitz August 1 Early 2023"]
[White "Atakhan, Abtin"]
[Black "Johnson, Ben"]
[WhiteFideId "22502203"]
[BlackFideId "2010917"]
[WhiteElo "2764"]
[BlackElo "2129"]
[Result "1-0"]
[Round "5"]
[TimeControl "180+1"]
[Date "2023.08.01"]
[WhiteClock "0:00:07"]
[BlackClock "0:00:06"]
[Board "228"]

1. Nf3 d5 2. g3 c6 3. Bg2 Nf6 4. O-O Bg4 5. h3 Bh5 6. c4 e6 7. Qb3 Qc8 8. d4 Be7 9. Nc3 O-O 10. Bf4 Nbd7 11. cxd5 exd5 12. Rac1 Re8 13. Ne5 Nxe5 14. dxe5 Ne4 15. Nxd5 Bg6 16. Nxe7+ Rxe7 17. Rc4 b5 18. Rxe4 Bxe4 19. Bxe4 Qxh3 20. Bxc6 Rc8 21. Bg2 Qf5 22. Qxb5 g5 23. Be3 Rxe5 24. Qb7 Rce8 25. Rd1 h5 26. Qd7 Qg6 27. Rd6 Qb1+ 28. Kh2 Qxb2 29. Bd5 R8e7 30. Qd8+ Kh7 31. Bc4 Qc2 32. Bd3+ 1-0


[Site "https://www.chess.com"]

[Event "Titled Tuesday Blitz August 1 Early 2023"]
[White "Vidruska, Renate"]
[Black "Polaczek, Richard"]
[WhiteFideId "11601841"]
[BlackFideId "200026"]
[WhiteElo "2224"]
[BlackElo "2430"]
[Result "0-1"]
[Round "5"]
[TimeControl "180+1"]
[Date "2023.08.01"]
[WhiteClock "0:00:29"]
[BlackClock "0:00:18"]
[Board "229"]

1. e4 Nf6 2. e5 Nd5 3. Nc3 Nxc3 4. bxc3 d6 5. f4 g6 6. Nf3 Bg7 7. d4 O-O 8. Bd3 c5 9. O-O Bg4 10. h3 Bxf3 11. Qxf3 Nc6 12. d5 Na5 13. Qe4 c4 14. Bxc4 Nxc4 15. Qxc4 Rc8 16. Qd3 dxe5 17. fxe5 Bxe5 18. Bd2 Qb6+ 19. Kh1 Bg7 20. Rae1 Qc7 21. Bg5 Rfe8 22. Rf3 Bxc3 23. Ref1 Bf6 24. Bxf6 exf6 25. Rxf6 Qxc2 26. Qxc2 Rxc2 27. Rxf7 Ree2 28. Rxb7 Rxg2 29. Rff7 Rh2+ 30. Kg1 Rxh3 31. Rg7+ Kh8 32. Rgc7 Rxc7 33. Rxc7 Rd3 34. Rc5 h5 35. Kf2 Kg7 36. Ke2 Rd4 37. Ke3 Rd1 38. Ke2 Rb1 39. Rc7+ Kf6 40. Rxa7 h4 41. d6 Ke6 42. d7 Ke7 43. Kf3 g5 44. Ra5 Rg1 45. Kf2 Rg4 46. Rd5 Kd8 47. a3 h3 48. Rd1 Rg2+ 49. Kf3 g4+ 50. Kf4 h2 51. Rh1 g3 0-1


[Site "https://www.chess.com"]

[Event "Titled Tuesday Blitz August 1 Early 2023"]
[White "Balla, Tamas-Kristof"]
[Black "alfianasybullina"]
[WhiteFideId "1208497"]
[WhiteElo "2419"]
[BlackElo "2214"]
[Result "1-0"]
[Round "5"]
[TimeControl "180+1"]
[Date "2023.08.01"]
[WhiteClock "0:00:10"]
[BlackClock "0:00:12"]
[Board "230"]

1. e4 e6 2. d4 d5 3. Nd2 c5 4. exd5 Qxd5 5. Ngf3 cxd4 6. Bc4 Qd7 7. O-O Nc6 8. Nb3 Nf6 9. Nbxd4 Nxd4 10. Nxd4 a6 11. c3 Qc7 12. Bb3 Be7 13. Qf3 O-O 14. Bg5 b5 15. Bxf6 Bxf6 16. Qxa8 Bb7 17. Qa7 Ra8 18. Nxb5 axb5 19. Qe3 Be7 20. Rad1 Qc6 21. Qh3 Bc5 22. Rd3 h6 23. Rfd1 Qb6 24. Qg3 b4 25. cxb4 Bxb4 26. Rd7 Bf8 27. Qf4 f6 28. Qg4 Ra6 29. Bxe6+ Qxe6 30. Qxe6+ Rxe6 31. Rxb7 Re2 32. a3 Kh7 33. f3 Bc5+ 34. Kh1 Kg6 35. h3 Bf8 36. a4 Bc5 37. a5 Re6 38. Ra1 Ra6 39. b4 Bd4 40. Ra2 Re6 41. Kh2 Re1 42. a6 Be5+ 43. g3 Bd4 44. a7 Re8 45. a8=Q Rxa8 46. Rxa8 1-0


[Site "https://www.chess.com"]

[Event "Titled Tuesday Blitz August 1 Early 2023"]
[White "Kuchava, Ana"]
[Black "Mayaud, Raphael"]
[WhiteFideId "13605348"]
[BlackFideId "627151"]
[WhiteElo "2191"]
[BlackElo "2353"]
[Result "0-1"]
[Round "5"]
[TimeControl "180+1"]
[Date "2023.08.01"]
[WhiteClock "0:00:00"]
[BlackClock "0:00:26"]
[Board "231"]

1. d4 Nf6 2. Nf3 d5 3. c4 c6 4. Qb3 dxc4 5. Qxc4 b5 6. Qc2 Bb7 7. Bf4 e6 8. e3 Nbd7 9. Bd3 Rc8 10. O-O Be7 11. a4 a6 12. axb5 cxb5 13. Qe2 O-O 14. Nbd2 Qb6 15. Rfc1 h6 16. h3 Rxc1+ 17. Rxc1 Rc8 18. Qd1 Rxc1 19. Qxc1 Qc6 20. Qxc6 Bxc6 21. Ne5 Nxe5 22. Bxe5 Nd5 23. e4 Nb4 24. Be2 f6 25. Bc7 Kf7 26. f3 Ke8 27. Kf2 Kd7 28. Bb6 Bb7 29. Nb3 Kc6 30. Bc5 Bxc5 31. Nxc5 Bc8 32. Nd3 Nc2 33. Nf4 Nxd4 34. Nh5 a5 35. Nxg7 a4 36. Ke3 e5 37. Ne8 f5 38. Bd1 f4+ 39. Kd2 Kc5 40. Nf6 Be6 41. Nh5 b4 42. Ng7 a3 0-1


[Site "https://www.chess.com"]

[Event "Titled Tuesday Blitz August 1 Early 2023"]
[White "Valle Maytin, Luis Enrique"]
[Black "zano2023"]
[WhiteFideId "3503666"]
[WhiteElo "2316"]
[BlackElo "2139"]
[Result "1-0"]
[Round "5"]
[TimeControl "180+1"]
[Date "2023.08.01"]
[WhiteClock "0:00:16"]
[BlackClock "0:00:35"]
[Board "232"]

1. d4 e5 2. dxe5 d6 3. exd6 Bxd6 4. g3 Nf6 5. Bg2 Nc6 6. Nf3 Bg4 7. c3 Qe7 8. O-O O-O-O 9. Qc2 Bc5 10. Bg5 Rhe8 11. e3 h6 12. Bxf6 Qxf6 13. Nd4 Ne5 14. Nd2 Bb6 15. a4 Bxd4 16. cxd4 Nf3+ 17. Nxf3 Bxf3 18. Rfc1 c6 19. a5 Rd6 20. a6 b6 21. Ra3 Bxg2 22. Kxg2 Kb8 23. Rc3 Rc8 24. b4 Qe6 25. Kg1 Qd5 26. Qb3 Qxb3 27. Rxb3 Kc7 28. Kg2 Kd7 29. f4 Re8 30. Kf3 f5 31. Rbc3 Re4 32. b5 cxb5 33. Rc7+ Ke6 34. Rxa7 Kd5 35. Rxg7 Re8 36. a7 Ra8 37. Rf7 Ke6 38. Rh7 Kd5 39. Rf7 Ke6 40. Rfc7 b4 41. Rb1 Rd7 42. Rxd7 Kxd7 43. Rxb4 Kc6 44. Ra4 b5 45. Ra6+ Kd5 46. Ke2 Kc4 47. Kd2 Kb3 48. d5 b4 49. d6 Kb2 50. d7 b3 51. Rd6 Rd8 52. a8=Q Rxa8 53. d8=Q Rxd8 54. Rxd8 1-0


[Site "https://www.chess.com"]

[Event "Titled Tuesday Blitz August 1 Early 2023"]
[White "Goughfather"]
[Black "Amorim, Daniel Madson De Medeiro"]
[BlackFideId "2124912"]
[WhiteElo "2090"]
[BlackElo "2311"]
[Result "1-0"]
[Round "5"]
[TimeControl "180+1"]
[Date "2023.08.01"]
[WhiteClock "0:00:09"]
[BlackClock "0:00:27"]
[Board "233"]

1. d4 Nf6 2. Nc3 d5 3. Bf4 e6 4. Nb5 Na6 5. e3 c6 6. Nc3 Nc7 7. Nf3 Bd6 8. Ne5 O-O 9. Bd3 b6 10. Nxc6 Qd7 11. Ne5 Qe7 12. Qf3 Ba6 13. O-O Rac8 14. Nc6 Qd7 15. Nxa7 Ra8 16. Bxa6 Nxa6 17. Nab5 Bb8 18. a3 Rc8 19. Kh1 Rc4 20. g4 Bxf4 21. Qxf4 Rac8 22. Rg1 Nc7 23. Nd6 Rxc3 24. Nxc8 Rxc2 25. Nxb6 Qc6 26. Nc8 Nce8 27. Ne7+ Kf8 28. Nxc6 Rxc6 29. Rac1 Rd6 30. Rc8 Rd7 31. Qb8 h6 32. h4 g5 33. hxg5 hxg5 34. Rg2 Re7 35. Rh2 Kg7 36. Qe5 Kg6 37. f4 Nh7 38. fxg5 Nxg5 39. Qf4 Nf6 40. Rh5 Nxh5 41. gxh5+ Kh6 42. Rh8+ Kg7 43. Qxg5+ Kxh8 44. Qxe7 Kg7 45. Qg5+ Kh7 46. Qf6 Kg8 47. h6 Kf8 48. Qg7+ Ke7 49. h7 1-0


[Site "https://www.chess.com"]

[Event "Titled Tuesday Blitz August 1 Early 2023"]
[White "rionelG"]
[Black "Nugumanov, Bakhtiyar"]
[BlackFideId "13701797"]
[WhiteElo "2282"]
[BlackElo "2072"]
[Result "1-0"]
[Round "5"]
[TimeControl "180+1"]
[Date "2023.08.01"]
[WhiteClock "0:01:30"]
[BlackClock "0:00:04"]
[Board "235"]

1. e4 c5 2. Nf3 e6 3. d3 Nc6 4. g3 d5 5. Nbd2 Nf6 6. Bg2 Be7 7. O-O h6 8. c3 dxe4 9. dxe4 e5 10. Qc2 O-O 11. Nc4 Qc7 12. Ne3 Rd8 13. Nd2 b5 14. Nd5 Qd6 15. a4 Ba6 16. axb5 Bxb5 17. Rd1 Bf8 18. Nf1 Ne7 19. Nfe3 Nexd5 20. exd5 e4 21. c4 Bd7 22. Bd2 Rab8 23. Bc3 Re8 24. Rxa7 g6 25. Bxf6 Bg7 26. Bxg7 Kxg7 1-0


[Site "https://www.chess.com"]

[Event "Titled Tuesday Blitz August 1 Early 2023"]
[White "Lakshmi C"]
[Black "Zaichenko, Daria"]
[WhiteFideId "25035347"]
[BlackFideId "4197453"]
[WhiteElo "2062"]
[BlackElo "2264"]
[Result "1-0"]
[Round "5"]
[TimeControl "180+1"]
[Date "2023.08.01"]
[WhiteClock "0:00:04"]
[BlackClock "0:01:18"]
[Board "236"]

1. e4 c5 2. Nf3 Nc6 3. d4 cxd4 4. Nxd4 Nf6 5. Nc3 d6 6. Bg5 a6 7. Qd2 e6 8. O-O-O Bd7 9. f4 Be7 10. Qe1 Qa5 11. Nxc6 Bxc6 12. e5 dxe5 13. fxe5 Nd5 14. Bxe7 Nxc3 15. Ba3 Bd5 16. Qxc3 Qxc3 17. bxc3 Bxa2 18. c4 b5 19. cxb5 axb5 20. Bxb5# 1-0


[Site "https://www.chess.com"]

[Event "Titled Tuesday Blitz August 1 Early 2023"]
[White "Navyblue1"]
[Black "Clawitter, Craig"]
[BlackFideId "2023105"]
[WhiteElo "1938"]
[BlackElo "2248"]
[Result "0-1"]
[Round "5"]
[TimeControl "180+1"]
[Date "2023.08.01"]
[WhiteClock "0:00:00"]
[BlackClock "0:00:14"]
[Board "237"]

1. d4 e6 2. c4 Nf6 3. Nc3 d5 4. cxd5 exd5 5. Bg5 c6 6. Qc2 Be7 7. e3 Nbd7 8. Bd3 O-O 9. Nge2 Re8 10. O-O Nf8 11. a3 a5 12. Rab1 g6 13. b4 Ne6 14. Bh4 Ng7 15. Rfe1 Bd6 16. Bg3 Nf5 17. Bxd6 Nxd6 18. Ng3 axb4 19. axb4 b5 20. Ra1 Bd7 21. h3 Nc4 22. Bxc4 bxc4 23. Qb2 Qb6 24. Rxa8 Rxa8 25. Rb1 h5 26. f3 h4 27. Nge2 Re8 28. Kf2 Nh5 29. Na4 Qd8 30. Nc5 Bf5 31. Re1 Qg5 32. Qc3 Bd3 33. Nc1 Qg3+ 34. Kg1 Nf4 35. Qd2 Nxh3+ 36. Kh1 Nf2+ 37. Kg1 Nh3+ 38. Kh1 Nf4 39. N1xd3 cxd3 0-1


[Site "https://www.chess.com"]